 Dungeon Crawl Stone Soup version 0.29-a0-360-g8ed1089bbe (webtiles) character file.

Game seed: 9451511028681250223

37 lucidbluej the Skirmisher (level 3, 0/40 HPs)
             Began as an Ogre Berserker on Apr 28, 2022.
             Was a Follower of Trog.
             Slain by a goblin
             ... wielding a +0 dagger of flaming
             ... led by Robin
              (1 damage)
             ... on level 3 of the Dungeon.
             The game lasted 00:05:16 (322 turns).

lucidbluej the Skirmisher (Ogre Berserker)           Turns: 322, Time: 00:05:16

Health: 0/40       AC:  3    Str: 23    XL:     3   Next: 39%
Magic:  3/3        EV: 10    Int:  8    God:    Trog [*.....]
Gold:   46         SH:  0    Dex:  8    Spells: 2/2 levels left

rFire   . . .      SeeInvis .   f - +2 dagger (drain)
rCold   . . .      Faith    .   (no shield)
rNeg    . . .      Spirit   .   b - +0 animal skin
rPois   .          Reflect  .   (helmet restricted)
rElec   .          Harm     .   (no cloak)
rCorr   .          Rampage  .   (gloves unavailable)
Will    .....                   (boots unavailable)
Stlth   +.........              (no amulet)
HPRegen 0.13/turn               (no ring)
MPRegen 0.08/turn               (no ring)

@: no status effects
A: large, unfitting armour, tough skin 1
a: Renounce Religion, Berserk


You were on level 3 of the Dungeon.
You worshipped Trog.
Trog was aware of your devotion.
You visited 1 branch of the dungeon, and saw 3 of its levels.

You collected 46 gold pieces.

Inventory:

Hand Weapons
 a - a +0 hand axe
 e - a +0 short sword
 f - a +2 dagger of draining (weapon)
 h - a +0 short sword
 i - a +0 dagger
Missiles
 c - 43 stones (quivered)
 g - 5 poisoned darts
 k - 4 curare-tipped darts
Armour
 b - a +0 animal skin (worn)
 j - a +0 leather armour
 l - a +0 robe
Magical Staves
 d - a staff of cold


   Skills:
 + Level 4.7 Fighting
 + Level 3.5 Axes
 + Level 3.1 Dodging


You had 2 spell levels left.
You didn't know any spells.
Your spell library was empty.

Dungeon Overview and Level Annotations

Branches:
Dungeon (3/15)

Altars:

Annotations:
D:3 Robin


Innate Abilities, Weirdness & Mutations

You are too large for most types of armour.
You have tough skin. (AC +1)


Message History

Things that are here:
a +0 dagger; a goblin corpse The goblin attacks as you move away!
The goblin hits you with a +0 dagger. Robin throws the goblin at you!
The goblin hits you with a +0 dagger.
You closely miss the goblin. Robin throws the goblin at you!
The goblin hits you with a +0 dagger. The goblin barely misses you.
The goblin closely misses you.
You hit the goblin.
The goblin is severely wounded.
The goblin closely misses you. The goblin barely misses you.
The goblin hits you with a +0 whip.
You hit the goblin.
You kill the goblin!
Trog accepts your kill. The goblin barely misses you.
The goblin hits you with a +0 dagger.
The goblin unwields a +0 dagger of flaming.
It stops flaming.
The goblin wields a +0 hunting sling.
The goblin shoots a sling bullet.
The sling bullet closely misses you.
The sling bullet closely misses the goblin.
The goblin attacks as you move away! The goblin hits you with a +0 whip.
* * * LOW HITPOINT WARNING * * *
The goblin attacks as you move away! The goblin hits you with a +0 dagger.
* * * LOW HITPOINT WARNING * * *
Robin throws the goblin at you! The goblin hits you with a +0 club.
* * * LOW HITPOINT WARNING * * *
Things that are here:
a +0 dagger; a +0 dagger; a goblin corpse You hit the goblin.
You drain the goblin.
The goblin is almost dead.
The goblin unwields a +0 hunting sling.
The goblin wields a +0 dagger of flaming.
It bursts into flame!
The goblin barely misses you. The goblin hits you with a +0 club.
* * * LOW HITPOINT WARNING * * *
You closely miss the goblin.
The goblin is almost dead.
The goblin hits you with a +0 dagger of flaming.
* * * LOW HITPOINT WARNING * * *
The goblin burns you.
You die...

### #.. #.# # #.# #####
#.# # ....#
###.####g##.## ....####
#..gg@gggg....
.......#####.#g####gg....
...............# ##.##
.......######### ..###.##
#.###.# ##....# #.#####
..#


You could see Robin, 3 hobgoblins and 6 goblins.

Vanquished Creatures
  Jessica (D:3)
  A bat (D:3)
  A giant cockroach (D:2)
  3 goblins
  A hobgoblin (D:2)
  2 kobolds
  A rat (D:2)
10 creatures vanquished.

Notes
Turn   | Place    | Note
-------+----------+-------------------------------------------
     0 | D:1      | lucidbluej the Ogre Berserker began the quest for the Orb.
     0 | D:1      | Reached XP level 1. HP: 24/24 MP: 1/1
    24 | D:1      | You fall into a shaft and drop 1 floor!
   178 | D:3      | Reached XP level 2. HP: 21/30 MP: 2/2
   259 | D:3      | Noticed Jessica
   263 | D:3      | Killed Jessica
   264 | D:3      | Reached XP level 3. HP: 33/40 MP: 3/3
   307 | D:3      | Noticed Robin
   321 | D:3      | HP: 2/40 [goblin/+0 club[Robin] (4)]
   322 | D:3      | Slain by a goblin

Illustrated notes

Levels and vault maps discovered:
D:1:      saegor_arrival_fortress, layout_basic, serial_shops, shop_fountains,
          dreamdust_ecumenical_altar_hidden_monk_grotto
D:2:      layout_basic, minmay_crystal_room, st_stairs_13, uniq_sigmund,
          uniq_crazy_yiuf_cottage
D:3:      layout_loops_ring, nzn_wu_jian_council_hall,
          mainiacjoe_overflow_alcove_2, uniq_robin, uniq_jessica

Skill      XL: |  1  2 |
---------------+-------+-----
Dodging        | 3 |  3.1
Fighting       | |  4.7
Axes           | |  3.5

Action                   || total
-------------------------++-------
Melee: Hand axe          ||    21
       Dagger            ||    19
  Use: Potion            ||     3
Armor: Animal skin       ||    14
Dodge: Dodged            ||    20

Table legend: (Time is in decaauts)
 A = Elapsed time spent in this place.
 B = Non-inter-level travel time spent in this place.
 C = Inter-level travel time spent in this place.
 D = Time resting spent in this place.
 E = Time spent auto-exploring this place.
 F = Levels seen in this place.
 G = Mean time per level.
                   A        B        C        D        E       F      G
               +--------+--------+--------+--------+--------+-----+--------+
         Total |    303 |    178 |    125 |      0 |      0 |   3 |  101.0 |
       Dungeon |    303 |    178 |    125 |      0 |      0 |   3 |  101.0 |
               +--------+--------+--------+--------+--------+-----+--------+

Top non-repeatable levels by time:
     D:3: 154 daAuts
     D:2: 124 daAuts
     D:1: 24 daAuts
